AoeStats
← Brezel

Arabia

509432176Analyzed
2v2 RM · 4d ago on Sep 26, 2026· 37m 33s· 4 players
Game mode
Random Map
Map size
Medium (4 player)
Population
200
Speed
Normal
Resources
Standard
Victory
Conquest
Starting age
Dark Age
Ending age
Imperial Age
RankedLock teamsTeams togetherTeam positionsShared explorationLock speedFull tech treeHidden civsTurbo modeCheats
Victory
Defeat
🇩🇪 Ethiopians · Germany
1285
+15
🇩🇪 Sicilians · Germany
1274
+16
🇸🇪 Danes · Sweden
1306
-17
🇹🇷 Cumans · Türkiye
1222
-14
Brezel
6:57 Loom
9:40 Feudal Age
10:06 Horse Collar
10:45 Double-Bit Axe
21:46 Castle Age
19:54 Scale Mail Armor
21:12 Forging
22:18 Arson
22:34 Squires
24:53 Chain Mail Armor
26:12 Wheelbarrow
29:01 Iron Casting
33:02 Hand Cart
40:42 Imperial Age
kecksesindgeil
6:26 Loom
9:41 Feudal Age
11:39 Feudal Age
12:21 Double-Bit Axe
14:35 Fletching
14:48 Horse Collar
18:23 Padded Archer Armor
25:03 Castle Age
25:46 Bodkin Arrow
26:07 Leather Archer Armor
25:21 Crossbowman
26:14 Thumb Ring
35:22 Imperial Age
36:08 Bracer
36:40 Ballistics
38:18 Bow Saw
Ubeydullah
5:19 Loom
10:04 Feudal Age
14:30 Loom
20:02 Castle Age
23:09 Scale Barding Armor
25:05 Forging
26:30 Iron Casting
29:30 Wheelbarrow
29:38 Bloodlines
po_v1ft!
6:40 Loom
9:12 Feudal Age
9:18 Man-at-Arms
14:51 Fletching
23:10 Castle Age
21:25 Double-Bit Axe
22:28 Horse Collar
28:12 Squires
28:14 Scale Mail Armor
30:07 Town Watch
34:33 Wheelbarrow
34:18 Bow Saw
37:16 Imperial Age
37:13 Bodkin Arrow
Connection lost

Rejoining the realm…

Still unreachable

The connection could not be restored.

Session expired

The server has moved on; the page needs a fresh start.